 Dungeon Crawl Stone Soup version 0.31-a0-229-g1fc7ce93e2 (webtiles) character file.

Game seed: 4279480150326444485

58 qw the Shooter (level 3, -3/29 HPs)
             Began as a Minotaur Hexslinger on July 6, 2023.
             Slain by Grinder (5 damage)
             ... on level 3 of the Dungeon.
             The game lasted 00:00:33 (1559 turns).

qw the Shooter (Minotaur Hexslinger)                Turns: 1559, Time: 00:00:33

Health: -3/29      AC:  4    Str: 12    XL:     3   Next: 75%
Magic:  3/3        EV: 12    Int: 10    God:
Gold:   83         SH:  0    Dex: 14    Spells: 3/4 levels left

rFire   . . .        Y - +1 sling
rCold   . . .        (no shield)
rNeg    . . .        k - +2 animal skin
rPois   .            (helmet restricted)
rElec   .            (no cloak)
rCorr   .            (no gloves)
SInv    .            (no boots)
Will    .....        (no amulet)
Stlth   +            (no ring)
HPRegen 0.24/turn    (no ring)
MPRegen 0.08/turn

%: no passive effects
@: no status effects
A: horns 2, retaliatory headbutt
a: no special abilities


You were on level 3 of the Dungeon.
You visited 1 branch of the dungeon, and saw 3 of its levels.

You collected 83 gold pieces.


Innate Abilities, Weirdness & Mutations

You have a pair of horns on your head.
You reflexively headbutt those who attack you in melee.


   Skills:
 - Level 2.0 Fighting
 + Level 4.3 Ranged Weapons
 - Level 2.1 Dodging
 - Level 1.0 Spellcasting
 - Level 2.0 Hexes


You had 3 spell levels left.
You knew the following spells:

 Your Spells              Type           Power      Damage    Failure   Level
a - Slow                  Hex            16%        N/A       16%         1

Your spell library contained the following spells:

 Spells                   Type           Power      Damage    Failure   Level
 Inner Flame              Hex/Fire       2%         N/A       56%         3
 Portal Projectile        Hex/Tloc       4%         N/A       56%         3
 Cause Fear               Hex            2%         N/A       83%         4

Inventory:

Hand Weapons
 Y - a +1 sling (weapon)
Armour
 k - a +2 animal skin (worn)
Scrolls
 f - a scroll of identify
Potions
 b - a potion of heal wounds {unknown}
 e - a potion of curing
 g - a potion of mutation {unknown}
 i - a potion of lignification {unknown}
 j - a potion of haste {unknown}
 m - a potion of degeneration {unknown}

Dungeon Overview and Level Annotations

Branches:
Dungeon (3/15)

Altars:
Gozag

Annotations:
D:3 Grinder


Message History

You now have 74 gold pieces (gained 7).
You now have 83 gold pieces (gained 9).
Grinder comes into view.
Found a trident.
You shoot a sling bullet. The sling bullet hits Grinder.
Grinder is lightly wounded.
You shoot a sling bullet.
The sling bullet hits Grinder but does no damage.
Grinder is lightly wounded.
You shoot a sling bullet. The sling bullet hits Grinder.
Grinder is lightly wounded.
Grinder says, "FISH!"
Grinder gestures at you. Pain shoots through your body!
You shoot a sling bullet.
The sling bullet closely misses Grinder.
You shoot a sling bullet. The sling bullet barely misses Grinder.
You shoot a sling bullet. The sling bullet hits Grinder!
Grinder is moderately wounded.
You shoot a sling bullet. The sling bullet hits Grinder.
Grinder is moderately wounded.
You start resting.
Grinder is nearby!
You shoot a sling bullet.
The sling bullet closely misses Grinder.
Grinder gestures at you.
You suddenly lose the ability to move!
You can move again.
You start resting.
Grinder is nearby!
You shoot a sling bullet.
The sling bullet hits Grinder but does no damage.
Grinder is lightly wounded.
Grinder misses you.
You shoot a sling bullet.
The sling bullet closely misses Grinder.
Grinder hits you.
You writhe in agony.
You shoot a sling bullet. The sling bullet barely misses Grinder.
Grinder hits you!
You writhe in agony.
Grinder hits you!
You writhe in agony.
You die...

......<##..###.#
...............#
...##.........#
^
#..#####..###..
##..# .....
#...# )...#
#...# ..#.##.
#...#####.......
#.#.....@.$#
#.#.##.##5....#
#.#.##......#...
#<#.#####..... #
#.#.# ..#.##
#.#.# ..#.#
#.#.. ..# #
..... ... #.###


You could see Grinder.

Vanquished Creatures
  Robin (D:2)
  An adder (D:2)
  A dart slug (D:2)
  A worm (D:2)
  2 bats
  3 endoplasms (D:1)
  6 goblins (D:2)
  5 hobgoblins
  A quokka (D:1)
  3 ball pythons
  2 frilled lizards
  3 kobolds
  3 rats
32 creatures vanquished.

Notes
Turn   | Place    | Note
-------+----------+-------------------------------------------
     0 | D:1      | qw the Minotaur Hexslinger began the quest for the Orb.
     0 | D:1      | Reached XP level 1. HP: 16/16 MP: 1/1
     0 | D:1      | 0 ||| qw: Version: 0.3-a-46-gb1f654a
     0 | D:1      | 0 ||| qw: Game counter: 1343
     0 | D:1      | 0 ||| qw: Melee chars always use a shield: true
     0 | D:1      | 0 ||| qw: God list: Okawaru
     0 | D:1      | 0 ||| qw: Allow faded altars: false
     0 | D:1      | 0 ||| qw: Do Orc after clearing Dungeon:15 true
     0 | D:1      | 0 ||| qw: Do second Lair branch before Depths: true
     0 | D:1      | 0 ||| qw: Lair rune preference: random
     0 | D:1      | 0 ||| qw: Goals: Normal
     0 | D:1      | 0 ||| PLANNING D:1-11
    28 | D:1      | Found a faded altar of an unknown god.
   185 | D:1      | Reached skill level 3 in Ranged Weapons
   191 | D:1      | Reached XP level 2. HP: 19/23 MP: 2/2
   380 | D:1      | 380 ||| READING scroll labelled WEDEVA SEIS VIBLO.
   381 | D:1      | 381 ||| READING scroll labelled ISICWACWYTZ.
   382 | D:1      | 382 ||| READING scroll labelled BOSAC OCADGHE.
   383 | D:1      | 383 ||| DROPPING scroll of poison.
   722 | D:2      | Found an opulent altar of Gozag.
   762 | D:2      | Reached XP level 3. HP: 22/29 MP: 3/3
   949 | D:2      | Identified the +2 helmet of a wizard's laboratory {rPois}
   949 | D:2      | Noticed Robin
   961 | D:2      | Killed Robin
   962 | D:2      | Reached skill level 4 in Ranged Weapons
   962 | D:2      | 962 ||| FLEEEEING.
   963 | D:2      | 963 ||| FLEEEEING.
   964 | D:2      | 964 ||| FLEEEEING.
   965 | D:2      | 965 ||| FLEEEEING.
   966 | D:2      | 966 ||| FLEEEEING.
   967 | D:2      | 967 ||| FLEEEEING.
   968 | D:2      | 968 ||| FLEEEEING.
   969 | D:2      | 969 ||| FLEEEEING.
   970 | D:2      | 970 ||| FLEEEEING.
   971 | D:2      | 971 ||| FLEEEEING.
   972 | D:2      | 972 ||| FLEEEEING.
   973 | D:2      | 973 ||| FLEEEEING.
   974 | D:2      | 974 ||| FLEEEEING.
   975 | D:2      | 975 ||| FLEEEEING.
   976 | D:2      | 976 ||| FLEEEEING.
   977 | D:2      | 977 ||| FLEEEEING.
  1326 | D:2      | 1326 ||| UPGRADING to +0 leather armour.
  1336 | D:2      | 1336 ||| DROPPING +0 robe.
  1337 | D:2      | 1337 ||| UPGRADING to +2 animal skin.
  1347 | D:2      | 1347 ||| DROPPING +0 leather armour.
  1348 | D:2      | 1348 ||| DROPPING ring of flight.
  1349 | D:2      | 1349 ||| READING scroll labelled ROACLU AGHISY.
  1450 | D:2      | 1450 ||| READING 2 scrolls labelled FUUHAE BEUMU.
  1451 | D:2      | 1451 ||| DRINKING 2 blue potions.
  1452 | D:2      | 1452 ||| DRINKING 3 silvery potions.
  1453 | D:2      | 1453 ||| DROPPING 2 potions of brilliance.
  1545 | D:3      | Noticed Grinder
  1554 | D:3      | Paralysed by Grinder for 2 turns
  1559 | D:3      | HP: 2/29 [Grinder (8)]
  1559 | D:3      | Slain by Grinder

Levels and vault maps discovered:
D:1:      dpeg_arrival_orchard, layout_rooms, hellmonk_ecumenical_altar_zigzags,
          kennysheep_doodads, serial_bayou_pond_e
D:2:      layout_loops_corners, basic_altar, kennysheep_generic_room_5,
          uniq_robin
D:3:      layout_loops_ring, xom_teletrap_fun,
          mainiacjoe_overflow_surrounded_room, uniq_ijyb, uniq_natasha,
          uniq_grinder

Skill      XL: |  1  2  3 |
---------------+----------+-----
Ranged Weapons | 3 4 |  4.3
Fighting       | 2 |  2.0
Dodging        | |  2.1
Spellcasting   | |  1.0
Hexes          | |  2.0

Action                     || total
---------------------------++-------
   Fire: Sling             ||   103
    Use: Scroll            ||     5
         Potion            ||     2
 Armour: Robe              ||     5
  Dodge: Dodged            ||    20

Table legend:
 A = Non-vault XP
 B = Vault XP
 C = Vault XP percentage of total XP
 D = Non-vault monster count
 E = Vault monster count
 F = Vault count percentage of total count
                 A         B        C        D         E       F
            +---------+---------+-------+---------+---------+-------
      Total |      39 |      44 |  53.0 |      22 |      10 |  31.2
            +---------+---------+-------+---------+---------+-------
        D:1 |      16 |       0 |   0.0 |      10 |       0 |   0.0
        D:2 |      23 |      44 |  65.7 |      12 |      10 |  45.5
            +---------+---------+-------+---------+---------+-------
